 Dungeon Crawl Stone Soup version 0.32-a0-928-g1cae6b7ea0 (webtiles) character file.

Game seed: 3060095500411300913

465 Maxmaps the Changeling (level 7, -2/64 HPs)
             Began as an Octopode Shapeshifter on Apr 12, 2024.
             Slain by a gnoll
             ... wielding a +0 spear
             ... led by a gnoll bouda
              (4 damage)
             ... on level 4 of the Dungeon.
             The game lasted 00:02:33 (2786 turns).

Maxmaps the Changeling (Octopode Shapeshifter)      Turns: 2786, Time: 00:02:33

Health: -2/64      AC: 23    Str: 13    XL:     7   Next: 8%
Magic:  7/7        EV:  2    Int: 14    God:
Gold:   161        SH:  0    Dex: 12    Spells: 6/6 levels left

rFire   . . .        i - +0 dagger (venom)
rCold   . . .        (no shield)
rNeg    . . .        (helmet currently unavailable)
rPois   +            (no amulet)
rElec   .            n - ring of willpower
rCorr   .            (no ring)
SInv    .            (no ring)
Will    +....        (no ring)
Stlth   +            (no ring)
HPRegen 0.30/turn    (no ring)
MPRegen 0.10/turn    (no ring)
                     (no ring)

%: no passive effects
@: tree-form, weakened, hasted, invisible, very quick
A: stationary, stasis, torment immunity, boosted hp, almost no armour,
(amphibious), 8 rings, (camouflage 1), (gelatinous body 1), (nimble swimmer 1),
(tentacles)
a: no special abilities


You were on level 4 of the Dungeon.
You were a tree.
You visited 1 branch of the dungeon, and saw 4 of its levels.

You collected 161 gold pieces.

Inventory:

Hand Weapons
 i - a +0 dagger of venom (weapon)
Jewellery
 n - a ring of willpower (left branch)
Talismans
 b - a beast talisman
 c - a flux talisman (active)
Scrolls
 d - 3 scrolls of identify {unknown}
 f - 2 scrolls of amnesia {unknown}
 g - 2 scrolls of fear {unknown}
 h - 2 scrolls of teleportation {unknown}
 j - 2 scrolls of brand weapon {unknown}
 l - a scroll of fog {unknown}


   Skills:
 - Level 1.0 Fighting
 - Level 2.0 Dodging
 - Level 3.0 Unarmed Combat
 + Level 7.2 Shapeshifting


You had 6 spell levels left.
You didn't know any spells.
Your spell library contained the following spells:

 Spells                   Type           Power      Damage    Failure   Level
 Ensorcelled Hibernation  Hex/Ice        0%         N/A       41%         2
 Fugue of the Fallen      Necr           0%         N/A       65%         3
 Anguish                  Hex/Necr       0%         N/A       96%         4


Dungeon Overview and Level Annotations

Branches:
Dungeon (4/15)
 Temple: D:4-7

Altars:

Shops:
D:1 :

Annotations:
D:3 1 runed translucent door, MrSquiggles's ghost, amateur DsWn


Innate Abilities, Weirdness & Mutations

You are a tree.
Your roots penetrate the ground, keeping you stationary.
You cannot be teleported.
You are immune to unholy pain and torment.
Your maximum health is greatly increased.
You cannot wear most types of armour.
((You are amphibious.))
You can wear up to eight rings at the same time.
((Your skin changes colour to match your surroundings (Stealth+).))
((Your rubbery body absorbs attacks. (AC +1, EV +1)))
((You are camouflaged when in or above water. (Stealth+)))
((You have tentacles for arms and can constrict up to eight enemies at once.))


Message History

Your +0 dagger of venom unmelds from your body.
Your +0 dagger of venom begins to drip with poison!
You turn into a tree.
Your roots penetrate the ground.
The gnoll hits you but does no damage.
The gnoll hits you from afar with a +0 halberd!
* * * LOW HITPOINT WARNING * * *
The gnoll bouda gazes fiercely through you!
You feel your attacks grow feeble. The gnoll hits you but does no damage.
The gnoll hits you with a +0 whip.
* * * LOW HITPOINT WARNING * * *
The gnoll hits you but does no damage.
Unknown command.
You hit the gnoll but do no damage.
The gnoll is poisoned.
The gnoll is no longer moving quickly.
The gnoll hits you but does no damage.
The gnoll hits you from afar with a +0 halberd.
* * * LOW HITPOINT WARNING * * *
The gnoll bouda gazes fiercely through you!
You feel as though you will be weak longer.
The gnoll hits you but does no damage. The gnoll hits you with a +0 whip.
* * * LOW HITPOINT WARNING * * *
The gnoll barely misses you.
You hit the gnoll.
The gnoll is poisoned.
The gnoll is moderately wounded.
The gnoll hits you but does no damage. x5
You hit the gnoll.
The gnoll looks as sick as possible!
The gnoll is heavily wounded.
The gnoll hits you but does no damage. x5
The gnoll hits you from afar with a +0 spear.
* * * LOW HITPOINT WARNING * * *
It was a potion of haste.
You feel yourself speed up.
You kill the gnoll!
The gnoll is no longer moving quickly. x2; The gnoll barely misses you.
The gnoll hits you but does no damage. x3
The gnoll bouda barks out a call to the hunt!
The gnolls pick up the pace!
The gnoll hits you but does no damage.
It was a potion of invisibility.
You fade into invisibility!
The gnoll hits you from afar with a +0 spear.
You die...

.##....##.....##....#....g......
#########.....##....#......g....
#.......†...#.....#...gg......
.......†....##...##....####...
............##########'####
#+#####.....##....#.....>.#
...##.....##..gg'.......#
...........)g.g.#.......#
............♣ggg#.......#
..........#######..........
..<.......##...##...##.###.
...##....>##...###### ## .
#####.....##....# #............#
#......##...## #......######
##......#


You could see a gnoll bouda (unable to see you) and 6 gnolls.

Vanquished Creatures
  Sigmund (D:3)
  2 scorpions (D:4)
  A bombardier beetle (D:4)
  An orc wizard (D:3)
  A gnoll (D:4)
  3 adders (D:3)
  A ribbon worm (D:2)
  7 orcs
  5 ball pythons
  5 bats
  11 endoplasms
  5 giant cockroaches
  7 goblins
  4 hobgoblins
  4 jackals (D:1)
  4 quokkas
  2 frilled lizards
  6 kobolds
  6 rats
76 creatures vanquished.

Notes
Turn   | Place    | Note
-------+----------+-------------------------------------------
     0 | D:1      | Maxmaps the Octopode Shapeshifter began the quest for the
                  | Orb.
     0 | D:1      | Reached XP level 1. HP: 13/13 MP: 1/1
    31 | D:1      | Found Boites's Book Shoppe.
   127 | D:1      | Reached XP level 2. HP: 18/18 MP: 2/2
   446 | D:1      | Reached XP level 3. HP: 23/23 MP: 3/3
   447 | D:1      | Reached skill level 4 in Shapeshifting
  1481 | D:2      | Reached XP level 4. HP: 28/28 MP: 4/4
  1573 | D:2      | Found a faded altar of an unknown god.
  1577 | D:2      | Found a faded altar of an unknown god.
  1586 | D:2      | You fall into a shaft and drop 2 floors!
  1587 | D:4      | Noticed a scorpion
  1591 | D:4      | Killed a scorpion
  1592 | D:4      | Reached skill level 5 in Shapeshifting
  1592 | D:4      | Reached XP level 5. HP: 21/33 MP: 5/5
  2293 | D:3      | Noticed Sigmund
  2298 | D:3      | Killed Sigmund
  2299 | D:3      | Reached skill level 6 in Shapeshifting
  2299 | D:3      | Reached XP level 6. HP: 22/38 MP: 6/6
  2426 | D:3      | Found a runed translucent door.
  2426 | D:3      | Noticed MrSquiggles's ghost (amateur DsWn)
  2557 | D:4      | Reached skill level 7 in Shapeshifting
  2677 | D:4      | Reached XP level 7. HP: 43/43 MP: 7/7
  2784 | D:4      | HP: 1/64 [gnoll/+0 spear[a gnoll bouda] (3)]
  2786 | D:4      | Slain by a gnoll

Illustrated notes

Levels and vault maps discovered:
D:1:      dpeg_arrival_tiny_b, layout_loops_ring, serial_shops,
          nicolae_shop_hallway_stairs, minmay_misc_feat_roman
D:2:      layout_loops_ring, hellmonk_ecumenical_altar_the_god_not_taken
D:3:      layout_loops_ring, ebering_ghost_reflecting_pool, uniq_sigmund
D:4:      layout_gridville, minmay_temple_entry_nine_rooms, uniq_natasha

Skill      XL: |  1  2  3  4  5  6 |
---------------+-------------------+-----
Shapeshifting  | 4 5 6 7 |  7.2
Fighting       | |  1.0
Dodging        | |  2.0
Unarmed Combat | |  3.0

Action                     |  1- 3 |  4- 6 |  7- 9 || total
---------------------------+-------+-------+-------++-------
  Melee: Unarmed           |    40 |       |     7 ||    47
         Tentacles         |    14 |    12 |     2 ||    28
         Constrict         |    15 |    17 |     3 ||    35
         Punch             |     1 |       |       ||     1
         Dagger            |    42 |    40 |     3 ||    85
    Use: Potion            |       |       |     4 ||     4
   Stab: Sleeping          |     9 |     7 |       ||    16
 Armour: Skin              |    31 |     9 |    36 ||    76
  Dodge: Dodged            |    40 |    15 |    28 ||    83
   Form: Flux              |       |       |     1 ||     1

Table legend: (Time is in decaauts)
 A = Elapsed time spent in this place.
 B = Non-inter-level travel time spent in this place.
 C = Inter-level travel time spent in this place.
 D = Time resting spent in this place.
 E = Time spent auto-exploring this place.
 F = Levels seen in this place.
 G = Mean time per level.
                   A        B        C        D        E       F      G
               +--------+--------+--------+--------+--------+-----+--------+
         Total |   2781 |   2709 |     72 |    152 |   2110 |   4 |  695.2 |
       Dungeon |   2781 |   2709 |     72 |    152 |   2110 |   4 |  695.2 |
               +--------+--------+--------+--------+--------+-----+--------+

Top non-repeatable levels by time:
     D:2: 894 daAuts
     D:1: 766 daAuts
     D:3: 761 daAuts
     D:4: 359 daAuts
